 Dungeon Crawl Stone Soup version 0.29-a0-620-g13ace881f2 (webtiles) character file.

Game seed: 3779281720984624590

10280 enile the Covert (level 11, -16/92 HPs)
             Began as a Formicid Earth Elementalist on June 18, 2022.
             Was the Champion of Cheibriados.
             Demolished by Rupert
             ... wielding a +6 great mace of venom
              (36 damage)
             ... on level 14 of the Dungeon.
             The game lasted 00:27:28 (13972 turns).

enile the Covert (Formicid Earth Elementalist)     Turns: 13972, Time: 00:27:28

Health: -16/92     AC:  7    Str: 28    XL:     11   Next: 90%
Magic:  5/18       EV: 15    Int: 34    God:    Cheibriados [******]
Gold:   184        SH:  6    Dex: 24    Spells: 7/20 levels left

rFire   + . .      SeeInvis +   U - +5 great mace of the Moon {vorpal, rPois rC++ Dex-5 Stlth+}
rCold   + + +      Faith    .   Q - +0 buckler
rNeg    + . .      Spirit   .   u - +2 robe {rN+}
rPois   +          Reflect  .   (helmet unavailable)
rElec   .          Harm     .   p - scarf {rC+ rF+}
rCorr   .          Rampage  .   V - +2 pair of gloves
Will    +....                   (no boots)
Stlth   ++++++....              y - amulet of magic regeneration
HPRegen 0.00/turn               (no ring)
MPRegen 0.56/turn               (no ring)

@: inhibited regen, invisible, very slow
A: permanent stasis, dig shafts and tunnels, antennae 3, four strong arms,
robust 1, inhibited regeneration
a: Dig, Shaft Self, Renounce Religion, Bend Time, Temporal Distortion, Slouch,
Step From Time


You were on level 14 of the Dungeon.
You worshipped Cheibriados.
Cheibriados was exalted by your worship.
You visited 1 branch of the dungeon, and saw 12 of its levels.
You also visited: Sewer.

You collected 620 gold pieces.
You spent 436 gold pieces at shops.

Inventory:

Hand Weapons
 d - a +0 hunting sling
 e - a +2 morningstar of freezing
 h - a +0 long sword
 x - a +2 vorpal flail
 E - a +3 flail
 F - a +0 giant spiked club
 G - a +0 dire flail
 M - a +0 scimitar of flaming
 R - the +2 falchion "Lonois" {antimagic, Int+4}
   (You found it on level 8 of the Dungeon)

   It reduces the magical energy of the wielder, and disrupts the spells and
   magical abilities of those it strikes.
   Natural abilities and divine invocations are not affected.
   Int:       It affects your intelligence (+4).
 U - the +5 great mace of the Moon (weapon) {vorpal, rPois rC++ Dex-5 Stlth+}
   (You bought it in a shop on level 5 of the Dungeon)

   It inflicts extra damage upon your enemies.
   Dex:       It affects your dexterity (-5).
   rC:        It greatly protects you from cold.
   rPois:     It protects you from poison.
   Stlth:     It makes you more stealthy.
Missiles
 f - 5 boomerangs
 K - 2 silver javelins
 X - 5 curare-tipped darts
 Y - a throwing net
Armour
 a - a +1 robe
 p - a scarf of resistance (worn)
 u - a +2 robe of positive energy (worn)
 w - a +2 cloak of poison resistance
 A - a +3 scale mail of cold resistance
 Q - a +0 buckler (worn)
 V - a +2 pair of gloves (worn)
 Z - the +6 ring mail of Sin {Rampage +Blink rF+ Str-3}
   (You found it on level 14 of the Dungeon)

   Str:       It affects your strength (-3).
   rF:        It protects you from fire.
   +Blink:    It lets you blink.
   Rampage:   It bestows one free step when moving towards enemies.
   Cheibriados disapproves of the use of such an item.
Magical Staves
 v - a staff of cold
Jewellery
 y - an amulet of magic regeneration (around neck)
 B - a +4 ring of protection
 I - an amulet of guardian spirit
 P - a +4 ring of protection
 S - a +4 ring of protection
 W - a ring of fire
Wands
 C - a wand of polymorph (14)
 D - a wand of mindburst (27)
 O - a wand of iceblast (6)
Scrolls
 j - 2 scrolls of fear
 k - 3 scrolls of torment
 m - 7 scrolls of teleportation
 q - a scroll of silence
 r - a scroll of enchant armour
 t - a scroll of noise
 J - 2 scrolls of identify
 L - a scroll of fog
 N - a scroll of poison
Potions
 b - a potion of magic
 c - 5 potions of haste
 g - 7 potions of curing
 i - a potion of mutation
 l - 3 potions of berserk rage
 n - 2 potions of attraction
 o - a potion of resistance
 s - 2 potions of flight
 z - a potion of ambrosia
 H - 2 potions of invisibility
 T - 4 potions of lignification


   Skills:
 - Level 7.0 Fighting
 - Level 8.0 Maces & Flails
 - Level 2.0 Throwing
 - Level 3.0 Armour
 - Level 5.0 Dodging
 + Level 8.6 Stealth
 - Level 3.0 Shields
 - Level 5.0 Spellcasting
 - Level 3.0 Transmutations
 - Level 5.0 Earth Magic
 - Level 8.0 Poison Magic
 - Level 6.0 Invocations
 - Level 6.0 Evocations


You had 7 spell levels left.
You knew the following spells:

 Your Spells              Type           Power      Damage    Failure   Level
a - Sandblast             Erth           84%        2d18      1%          1
b - Passwall              Tmut/Erth      29%        N/A       1%          2
c - Stone Arrow           Conj/Erth      50%        3d10      6%          3
d - Ignite Poison         Fire/Tmut/Pois 33%        N/A       3%          3
e - Olgreb's Toxic Radia  Pois           58%        N/A       1%          4

Your spell library contained the following spells:

 Spells                   Type           Power      Damage    Failure   Level
 Sting                    Tmut/Pois      100%       1d8       1%          1
 Poisonous Vapours        Pois/Air       70%        N/A       1%          2
 Ensorcelled Hibernation  Hex/Ice        16%        N/A       9%          2
 Petrify                  Tmut/Erth      35%        N/A       11%         4
 Conjure Flame            Conj/Fire      8%         6-21      16%         3
 Sticky Flame             Conj/Fire      8%         2d3       47%         4
 Manifold Assault         Tloc           8%         N/A       83%         5
 Storm Form               Tmut/Air       9%         N/A       100%        7
 Blink                    Tloc           Unusable   N/A       N/A         2
 Swiftness                Air            Unusable   N/A       N/A         3

Dungeon Overview and Level Annotations

Branches:
Dungeon (14/15)            Temple (0/1) D:5           Sewer (visited)
   Lair: D:8-11         Orc: D:9-12      Vaults: D:13-14

Altars:
Cheibriados
Nemelex Xobeh
Trog

Shops:
D:5 ((*[   D:9 !   D:10 ([(

Annotations:
D:11 exclusion: hydra
D:14 Agnes, Azrael, Kirke, Rupert


Innate Abilities, Weirdness & Mutations

You cannot be hasted, slowed, berserked, paralysed or teleported.
You can dig through walls and to a lower floor.
You have a pair of large antennae on your head. (SInv)
Your four strong arms can wield two-handed weapons with a shield.
You are robust. (+10% HP)
You do not regenerate when monsters are visible.


Message History

You can feel time thicken for a moment.
You kill the hell hound!
Cheibriados thoroughly appreciates the change of pace.
You kill the hell hound!
Cheibriados thoroughly appreciates the change of pace.
Rupert looks even sicker.
Your toxic aura wanes.
Casting: Ignite Poison (mildly dangerous; 3% risk of failure)
Confirm with . or Enter, or press ? or * to list all spells.
Aiming: Sandblast (safe; 1% risk of failure)
Press: ? - help, Shift-Dir - straight line, f - Rupert
Aim: Rupert, wielding a +6 great mace of venom and wearing a +1 scale mail of willpower (almost dead, very poisoned, 85% to hit)
The blast of sand hits Rupert!
Rupert is almost dead.
Rupert hits you with a +6 great mace of venom!!
You closely miss Rupert.
Rupert is almost dead.
Rupert roars madly and goes into a rage!
Rupert goes berserk!
A red ugly thing comes into view.
Rupert hits you with a +6 great mace of venom!!
You closely miss Rupert.
Rupert is almost dead.
Rupert hits you with a +6 great mace of venom!!
* * * LOW HITPOINT WARNING * * *
Azrael the Boundless Flame comes into view.
He is wielding a +4 scimitar of flaming.
Rupert hits you with a +6 great mace of venom.
* * * LOW HITPOINT WARNING * * *
The red ugly thing gurgles horribly!
Unknown command.
Okay, then.
Okay, then.
Okay, then.
Okay, then.
Okay, then.
Okay, then.
You fade into invisibility!
You hear a horrible gurgling sound!
Rupert hits you with a +6 great mace of venom!!!
You die...

..............###.####.........
...##........####......###...
... ...........#.......# .. ..
....................## .
.........................
..E.#....................
............(..#...
...............#...
......†@......## ..
R.....@.........
............#...
.......#....#...
.......#.)......
.u.......#.....
.u##....#....... .. ##..#
.......


You could see Rupert (berserk, can't see you, poisoned), Azrael (can't see you)
and 2 ugly things.

Vanquished Creatures
  Erica (D:8)
  A deep elf pyromancer (D:14)
  An ugly thing (D:14)
  Maurice (D:10)
  Psyche (D:11)
  A troll (D:9)
  A wyvern (D:8)
  2 wraiths
  A fire elemental (D:14)
  2 shadows (D:10)
  3 basilisks
  9 yaks
  3 steam dragons
  Menkaure (D:6)
  An acid dragon (D:11)
  Edmund (D:6)
  A water moccasin (D:7)
  Duvessa (D:5)
  4 hell hounds (D:14)
  An orc warrior (D:8)
  3 sky beasts
  A black bear (D:5)
  4 ice beasts
  An ogre (D:6)
  6 centaurs
  3 lemures (D:5)
  A phantom (D:6)
  2 kobold brigands (D:9)
  7 bullfrogs
  2 necrophages
  2 gnoll sergeants
  15 wights
  Dowan (D:5)
  7 killer bees
  2 electric eels (D:8)
  A gnoll shaman (D:10)
  A hound (D:5)
  3 jellies
  Crazy Yiuf (D:6)
  5 iguanas
  An orc wizard (D:8)
  15 gnolls
  10 adders
  4 river rats (Sewer)
  3 white imps (D:7)
  An ufetubus (D:4)
  6 worms
  The ghost of DocClef the Covert, a weakling GnDe (D:6)
  5 dart slugs
  12 orcs
  10 endoplasms
  4 giant cockroaches
  12 goblins
  9 hobgoblins
  3 jackals (D:1)
  5 quokkas
  19 ball pythons
  5 bats
  4 frilled lizards
  10 kobolds
  20 rats
264 creatures vanquished.

Vanquished Creatures (others)
  3 fungi (D:1)
  A plant (D:10)
4 creatures vanquished.

Grand Total: 268 creatures vanquished

Notes
Turn   | Place    | Note
-------+----------+-------------------------------------------
     0 | D:1      | enile the Formicid Earth Elementalist began the quest for
                  | the Orb.
     0 | D:1      | Reached XP level 1. HP: 13/13 MP: 3/3
   170 | D:1      | Reached skill level 1 in Fighting
   198 | D:1      | Reached XP level 2. HP: 17/21 MP: 0/5
   342 | D:1      | Reached XP level 3. HP: 20/27 MP: 4/6
   775 | D:1      | You fall into a shaft and drop 1 floor!
   819 | D:1      | Found a faded altar of an unknown god.
   903 | D:1      | Prayed at the altar of an unknown god.
   903 | D:1      | Became a worshipper of Cheibriados the Contemplative
   903 | D:1      | Reached * piety under Cheibriados
  1315 | D:2      | Reached XP level 4. HP: 26/34 MP: 0/7
  1458 | D:2      | Reached skill level 1 in Invocations
  1555 | D:2      | Reached ** piety under Cheibriados
  1575 | D:2      | Reached XP level 5. HP: 38/41 MP: 3/8
  2789 | D:3      | Learned a level 2 spell: Passwall
  2793 | D:3      | Learned a level 3 spell: Stone Arrow
  3013 | D:4      | Reached *** piety under Cheibriados
  3061 | D:4      | Reached XP level 6. HP: 18/47 MP: 4/9
  3506 | D:4      | Noticed an ice beast
  3513 | D:4      | Killed an ice beast
  3514 | D:4      | Reached skill level 5 in Stealth
  3548 | D:4      | Found a sparkling altar of Nemelex Xobeh.
  3661 | D:4      | Reached XP level 7. HP: 41/52 MP: 4/10
  4047 | D:5      | Entered Level 5 of the Dungeon
  4051 | D:5      | Reached skill level 5 in Earth Magic
  4122 | D:5      | Noticed Duvessa
  4184 | D:5      | Noticed Pikel
  4197 | D:5      | Noticed Pikel
  4197 | D:5      | Pikel changed into Pikel the basilisk
  4237 | D:5      | Gained mutation: Armour fits poorly on your strangely
                  | shaped body. [potion of mutation]
  4237 | D:5      | Gained mutation: You expend magic power (3 MP) to
                  | strengthen your wands. [potion of mutation]
  4272 | D:5      | Killed Pikel the basilisk
  4273 | D:5      | Reached skill level 5 in Fighting
  4273 | D:5      | Reached skill level 1 in Maces & Flails
  4293 | D:5      | Found Noesuc's Antique Weapon Shop.
  4335 | D:5      | Found a glowing drain.
  4338 | D:5      | Reached XP level 8. HP: 56/59 MP: 11/11
  4341 | Sewer    | Entered a sewer
  4466 | Sewer    | Reached **** piety under Cheibriados
  5170 | Sewer    | Lost mutation: You expend magic power (3 MP) to strengthen
                  | your wands. [potion of mutation]
  5170 | Sewer    | Lost mutation: Armour fits poorly on your strangely shaped
                  | body. [potion of mutation]
  5170 | Sewer    | Gained mutation: You do not regenerate when monsters are
                  | visible. [potion of mutation]
  5170 | Sewer    | Gained mutation: You are robust. (+10% HP) [potion of
                  | mutation]
  5207 | D:5      | Found Qaewal's Assorted Antiques.
  5227 | D:5      | Bought a scroll of enchant weapon for 195 gold pieces
  5447 | D:5      | Found Xeew's Antique Weapon Shop.
  6040 | D:5      | Found Woguofey's Antique Armour Shop.
  6074 | D:5      | Noticed Dowan
  6105 | D:5      | Killed Dowan
  6106 | D:5      | Reached skill level 5 in Dodging
  6109 | D:5      | Killed Duvessa
  6109 | D:5      | Reached ***** piety under Cheibriados
  6357 | D:5      | Found a staircase to the Ecumenical Temple.
  6427 | D:6      | Reached XP level 9. HP: 74/74 MP: 6/12
  6439 | D:6      | Learned a level 3 spell: Ignite Poison
  6526 | D:6      | Noticed Edmund
  6536 | D:6      | Killed Edmund
  6826 | D:6      | Found a runed translucent door.
  6827 | D:6      | Noticed Crazy Yiuf
  6911 | D:6      | Reached skill level 5 in Poison Magic
  6937 | D:6      | Noticed Menkaure
  6945 | D:6      | Killed Menkaure
  7179 | D:6      | Found a runed translucent door.
  7179 | D:6      | Noticed DocClef's ghost (weakling GnDe)
  7224 | D:6      | Reached skill level 5 in Maces & Flails
  7278 | D:6      | Killed DocClef's ghost
  8027 | D:7      | Reached skill level 1 in Armour
  8492 | D:7      | Reached skill level 1 in Throwing
  8492 | D:7      | Reached XP level 10. HP: 81/81 MP: 7/13
  9203 | D:8      | Learned a level 4 spell: Olgreb's Toxic Radiance
  9213 | D:8      | Noticed Erica
  9220 | D:8      | Killed Erica
 10131 | D:8      | Reached skill level 5 in Evocations
 10440 | D:8      | Identified the +2 falchion "Lonois" {antimagic, Int+4}
 10678 | D:9      | Reached skill level 1 in Shields
 10921 | D:9      | Reached XP level 11. HP: 89/92 MP: 1/15
 11537 | D:9      | Found Noaqeurgh's Distillery.
 11740 | D:5      | Bought a smoking great mace for 241 gold pieces
 11740 | D:5      | Identified the +5 great mace of the Moon {vorpal, rPois
                  | rC++ Dex-5 Stlth+} (You bought it in a shop on level 5 of
                  | the Dungeon)
 11832 | D:6      | Killed Crazy Yiuf
 12006 | D:9      | Reached skill level 5 in Spellcasting
 12540 | D:10     | Entered Level 10 of the Dungeon
 12623 | D:10     | Found Runeo's Weapon Shoppe.
 12679 | D:10     | Reached skill level 5 in Invocations
 12816 | D:10     | Noticed Maurice
 12827 | D:10     | Killed Maurice
 12827 | D:10     | Reached ****** piety under Cheibriados
 12867 | D:10     | Found Guasac's Antique Armour Shoppe.
 13114 | D:10     | Found Wuatuubua's Weapon Shoppe.
 13337 | D:11     | Noticed a four-headed hydra
 13381 | D:11     | Noticed a red ugly thing
 13400 | D:11     | Noticed Psyche
 13406 | D:11     | Killed Psyche
 13417 | D:11     | You fall into a shaft and drop 3 floors!
 13901 | D:14     | Noticed Agnes
 13907 | D:14     | Found a bloodstained altar of Trog.
 13916 | D:14     | Noticed Kirke
 13955 | D:14     | Identified the +6 ring mail of Sin {Rampage +Blink rF+
                  | Str-3}
 13959 | D:14     | Noticed a red ugly thing
 13959 | D:14     | Noticed a deep elf pyromancer
 13960 | D:14     | Noticed a red ugly thing
 13962 | D:14     | Noticed Rupert
 13963 | D:14     | Killed a deep elf pyromancer
 13964 | D:14     | Killed a red ugly thing
 13970 | D:14     | Noticed a red ugly thing
 13971 | D:14     | Noticed Azrael
 13972 | D:14     | Demolished by Rupert

Illustrated notes

Levels and vault maps discovered:
D:1:      dpeg_arrival_long_road, layout_loops_cross,
          shapermc_ecumenical_altar_mp_urbaneastern
D:2:      layout_rooms, kennysheep_nondescript, moated_statue,
          minmay_goblin_outpost
D:3:      layout_loops_ring
D:4:      layout_cave_pools, mainiacjoe_overflow_24_doors,
          chequers_serial_rivers_marsh
D:5:      layout_basic, lemuel_temple_firewalk_b, serial_shops,
          nicolae_shop_temple_entry_statues_fountains,
          nicolae_inconvenience_store, nicolae_shop_crystal,
          nicolae_shop_behind_doors, gup_sewer_entry_bubbles, uniq_pikel,
          uniq_duvessa
D:6:      layout_rooms, hellmonk_ghost_happy_afterlife, uniq_crazy_yiuf_cottage,
          uniq_menkaure, uniq_edmund
D:7:      layout_basic
D:8:      layout_basic, disabler_island, uniq_erica
D:9:      layout_basic, serial_shops, shop, st_stairs_2
D:10:     layout_basic, serial_shops, nicolae_shop_bloodbath_and_beyond,
          nicolae_shop_overgrown_old_shop,
          nicolae_shop_temple_entry_statues_fountains, uniq_maurice
D:11:     layout_rooms, lair_entry_dummy, uniq_psyche
D:14:     layout_cave_pools, trog_three_pillars_becter, uniq_azrael,
          uniq_rupert, uniq_kirke, uniq_agnes

Skill      XL: |  1  2  3  4  5  6  7  8  9 10 11 |
---------------+----------------------------------+-----
Fighting       | 1 2 3 5 7 |  7.0
Dodging        | 2 3 5 |  5.0
Invocations    | 1 4 6 |  6.0
Stealth        | 5 7 8 |  8.6
Earth Magic    | 4 5 |  5.0
Maces & Flails | 1 4 6 8 |  8.0
Evocations     | 3 4 6 |  6.0
Poison Magic   | 6 8 |  8.0
Armour         | 3 |  3.0
Throwing       | 1 2 |  2.0
Shields        | 3 |  3.0
Spellcasting   | 5 |  5.0
Transmutations | 3 |  3.0

Action                   |  1- 3 |  4- 6 |  7- 9 | 10-12 || total
-------------------------+-------+-------+-------+-------++-------
Melee: Morningstar       |    23 |    28 |    86 |    15 ||   152
       Punch             |       |     1 |       |       ||     1
       Great mace        |       |       |       |    37 ||    37
 Cast: Sandblast         |    38 |    64 |    91 |    23 ||   216
       Stone Arrow       |       |     7 |    46 |    53 ||   106
       Passwall          |       |       |     1 |     1 ||     2
       Ignite Poison     |       |       |       |    11 ||    11
       Olgreb's Toxic Ra |       |       |       |    21 ||    21
Invok: Slouch            |       |       |       |     1 ||     1
 Abil: Dig               |       |       |     2 |       ||     2
       Shaft Self        |       |       |       |     1 ||     1
Evoke: Wand              |       |       |     2 |       ||     2
  Use: Scroll            |       |     5 |    15 |     3 ||    23
       Potion            |       |       |    16 |     2 ||    18
 Stab: Sleeping          |     1 |     2 |       |     1 ||     4
       Invisible         |       |       |     2 |       ||     2
       Distracted        |       |       |       |     1 ||     1
Armor: Robe              |    14 |    10 |    80 |    17 ||   121
       Skin              |       |       |    28 |       ||    28
Dodge: Dodged            |    45 |    49 |   238 |   102 ||   434
Block: Buckler           |       |       |       |    25 ||    25

Table legend: (Time is in decaauts)
 A = Elapsed time spent in this place.
 B = Non-inter-level travel time spent in this place.
 C = Inter-level travel time spent in this place.
 D = Time resting spent in this place.
 E = Time spent auto-exploring this place.
 F = Levels seen in this place.
 G = Mean time per level.
                   A        B        C        D        E       F      G
               +--------+--------+--------+--------+--------+-----+--------+
         Total |  19832 |  18034 |   1798 |   1008 |  13990 |  13 | 1525.5 |
       Dungeon |  18785 |  16987 |   1798 |    906 |  13305 |  12 | 1565.4 |
         Sewer |   1047 |   1047 |      0 |    102 |    684 |   1 | 1047.0 |
               +--------+--------+--------+--------+--------+-----+--------+

Top non-repeatable levels by time:
     D:5: 2684 daAuts
     D:8: 2683 daAuts
     D:7: 2645 daAuts
     D:9: 1909 daAuts
     D:6: 1573 daAuts
     D:4: 1364 daAuts
    D:10: 1337 daAuts
     D:2: 1291 daAuts
     D:3: 1261 daAuts
     D:1: 1240 daAuts
   Sewer: 1047 daAuts
    D:14: 643 daAuts
    D:11: 150 daAuts
